 Dungeon Crawl Stone Soup version 0.25.1-2-g60ff931df9 (webtiles) character file.

Game seed: 8037103634112471587

62 H0rd4k the Insei (level 4, 0/28 HPs)
             Began as an Octopode Transmuter on Sept 29, 2020.
             Succumbed to an adder's poison
             ... on level 2 of the Dungeon.
             The game lasted 00:01:39 (1535 turns).

H0rd4k the Insei (Octopode Transmuter)              Turns: 1535, Time: 00:01:39

Health: 0/28       AC:  1    Str:  9    XL:     4   Next: 8%
Magic:  7/7        EV: 13    Int: 16    God:
Gold:   47         SH:  0    Dex: 12    Spells: 6/7 levels left

rFire    . . .     SeeInvis .     - Unarmed
rCold    . . .     Gourm    .   (no shield)
rNeg     . . .     Faith    .   (helmet restricted)
rPois    .         Spirit   .   (no amulet)
rElec    .         Reflect  .   (no ring)
rCorr    .         Harm     .   (no ring)
MR       .....                  (no ring)
Stlth    +++.......             (no ring)
HPRegen  0.09/turn              (no ring)
MPRegen  0.10/turn              (no ring)
                                (no ring)
                                (no ring)

@: lethally poisoned (0 -> -2), berserk cooldown, flying, very slightly
contaminated, slowed, invisible, very slow
A: almost no armour, stealthy swim, amphibious, 8 rings, constrict 8, camouflage
1, gelatinous body 1
a: no special abilities


You were on level 2 of the Dungeon.
You were hungry.

You visited 1 branch of the dungeon, and saw 2 of its levels.

You collected 47 gold pieces.

Inventory:

Missiles
 a - 12 arrows
Scrolls
 d - a scroll of remove curse {unknown}
 f - a scroll of amnesia {unknown}
 h - 2 scrolls of identify {unknown}
Comestibles
 c - 2 rations


   Skills:
 + Level 1.2 Fighting
 + Level 2.5 Dodging
 + Level 1.4 Stealth
 + Level 3.7 Unarmed Combat
 * Level 2.3 Spellcasting
 * Level 2.4 Transmutations


You had 6 spell levels left.
You knew the following spells:

 Your Spells              Type           Power        Failure   Level  Hunger
a - Beastly Appendage     Tmut           #.....       8%          1    #......

Your spell library contained the following spells:

 Spells                   Type           Power        Failure   Level  Hunger
 Sticks to Snakes         Tmut           #.......     11%         2    ###....
 Spider Form              Tmut/Pois      #.........   36%         3    ###....
 Ice Form                 Ice/Tmut       #.......     77%         4    #####..
 Blade Hands              Tmut           #.........   90%         5    ######.


Dungeon Overview and Level Annotations

Branches:
Dungeon (2/15)

Altars:


Innate Abilities, Weirdness & Mutations

You cannot wear most types of armour.
You are very stealthy in the water. (Stealth+)
You are amphibious.
You can wear up to eight rings at the same time.
You can use your tentacles to constrict eight enemies at once.
Your skin changes colour to match your surroundings (Stealth+).
Your rubbery body absorbs attacks. (AC +1, EV +1)


Message History

You kill the jackal!
You are too berserk!
Things that are here:
a +0 club; 13 gold pieces You feel a strong urge to attack something.
* * * LOW HITPOINT WARNING * * *
You feel sick.
You feel your anger nearly subside.
You are no longer berserk.
You are exhausted.
You feel yourself slow down.
It was a potion of invisibility.
You fade into invisibility!
You are very lightly contaminated with residual magic.
It was a potion of flight.
You feel very buoyant.
You fly up into the air.
* * * LOW HITPOINT WARNING * * *
You feel sick.
Unknown command.
You die...

....###.#..# ...........####
# ................# #†##.#
#. #.##.##..) . #)##.##.#...
#.##.##.#.#
#..####.##......# ##########
#.........@....# #...<.....
#.######.#.##.#.###.#######.
#.#.##.......# #.
#.#.........## #.
###.#.##.#.##.# ####.
#..........##.# #.[..
#.#...<..####.# #<##.
#.###..######.### #.#.. #.
#...# #.....# #.#.#


There were no monsters in sight!

Vanquished Creatures
  2 adders (D:2)
  2 dart slugs
  A leopard gecko (D:1)
  3 giant cockroaches (D:1)
  4 goblins (D:1)
  4 hobgoblins
  3 jackals (D:2)
  6 bats (D:1)
  2 frilled lizards
  4 kobolds
  5 rats (D:1)
36 creatures vanquished.

Notes
Turn   | Place    | Note
-------+----------+-------------------------------------------
     0 | D:1      | H0rd4k the Octopode Transmuter began the quest for the Orb.
     0 | D:1      | Reached XP level 1. HP: 13/13 MP: 3/3
   117 | D:1      | Reached XP level 2. HP: 18/18 MP: 5/5
   903 | D:1      | Reached XP level 3. HP: 23/23 MP: 6/6
  1492 | D:2      | Reached skill level 1 in Stealth
  1523 | D:2      | Reached XP level 4. HP: 5/28 MP: 7/7
  1529 | D:2      | HP: 2/42 [poisoned by an adder]
  1535 | D:2      | Succumbed to an adder's poison

Illustrated notes

Levels and vault maps discovered:
D:1:      minmay_arrival_stair_chambers, layout_loops_ring, minmay_cupped
D:2:      layout_loops_cross, uniq_sigmund

Skill      XL: |  1  2  3 |
---------------+----------+-----
Stealth        | 1 |  1.4
Fighting       | |  1.2
Dodging        | |  2.5
Unarmed Combat | |  3.7
Spellcasting   | |  2.3
Transmutations | |  2.4

Action                   |  1- 3 |  4- 6 || total
-------------------------+-------+-------++-------
Melee: Unarmed           |    87 |     3 ||    90
       Constrict         |    19 |     1 ||    20
       Tentacles         |    11 |       ||    11
       Punch             |       |     1 ||     1
  Use: Potion            |     1 |     2 ||     3
 Stab: Sleeping          |     6 |       ||     6
  Eat: Chunk             |     1 |       ||     1
Armor: Skin              |    10 |       ||    10
Dodge: Dodged            |    69 |       ||    69
